 Dungeon Crawl Stone Soup version 0.30.0-5-g1a98f26d00 (webtiles) character file.

Game seed: 12997865181895759432

43899 AlmostDecent the Severer (level 14, -3/96 HPs)
             Began as a Gargoyle Fighter on May 10, 2023.
             Was a High Priest of Okawaru.
             Slain by Rupert
             ... wielding a +2 battleaxe of freezing
              (39 damage)
             ... on level 5 of the Lair of Beasts.
             The game lasted 00:59:35 (16532 turns).

AlmostDecent the Severer (Gargoyle Fighter)        Turns: 16532, Time: 00:59:36

Health: -3/96      AC: 33    Str: 24    XL:     14   Next: 26%
Magic:  16/16      EV: 12    Int:  7    God:    Okawaru [*****.]
Gold:   930        SH: 11    Dex: 19    Spells: 13/13 levels left

rFire   + . .        n - +6 broad axe (heavy)
rCold   + + .        c - +0 buckler
rNeg    + . .        J - +2 chain mail {rC+}
rPois   ∞            L - +2 helmet "Piseddex" {rElec rC+ Str+5 Dex-2}
rElec   +            j - +0 cloak
rCorr   .            G - +0 pair of gloves
SInv    .            E - +1 pair of boots
Will    ++...        (no amulet)
Stlth   +            M - ring of willpower
HPRegen 0.36/turn    s - ring of protection from fire
MPRegen 0.15/turn

%: no passive effects
@: heroic, flying
A: sickness immunity, AC +10, big wings, negative energy resistance 1,
electricity resistance, torment resistance 1, petrification resistance, large
bone plates 1, agile 2
a: Renounce Religion, Heroism, Finesse, Duel


You were on level 5 of the Lair of Beasts.
You worshipped Okawaru.
Okawaru was extremely pleased with you.
You visited 2 branches of the dungeon, and saw 18 of its levels.
You also visited: Sewer.

You collected 1049 gold pieces.
You spent 119 gold pieces at shops.

Inventory:

Hand Weapons
 a - a +0 war axe of flaming
 m - the +6 whip of Uroneiq {heavy, rElec Dex+2}
   (You found it on level 6 of the Dungeon)

   Dex:       It affects your dexterity (+2).
   rElec:     It insulates you from electricity.
 n - a +6 heavy broad axe (weapon)
Missiles
 z - 6 boomerangs (quivered)
 F - 3 throwing nets
Armour
 c - a +0 buckler (worn)
 j - a +0 cloak (worn)
 E - a +1 pair of boots (worn)
 G - a +0 pair of gloves (worn)
 J - a +2 chain mail of cold resistance (worn)
 L - the +2 helmet "Piseddex" (worn) {rElec rC+ Str+5 Dex-2}
   (Okawaru gifted it to you on level 4 of the Lair of Beasts)

   Str:       It affects your strength (+5).
   Dex:       It affects your dexterity (-2).
   rC:        It protects you from cold.
   rElec:     It insulates you from electricity.
Jewellery
 g - a ring of flight
 o - a ring of ice
 s - a ring of protection from fire (right hand)
 v - a ring of magical power
 x - an amulet of magic regeneration
 C - a +6 ring of intelligence
 M - a ring of willpower (left hand)
 O - the ring of the Republic {rN+ AC+4 Str-5 Int+3 Stlth+}
   (You found it on level 4 of the Lair of Beasts)

   [ring of protection]

   AC:        It affects your AC (+4).
   Str:       It affects your strength (-5).
   Int:       It affects your intelligence (+3).
   rN:        It protects you from negative energy.
   Stlth:     It makes you more stealthy.
Wands
 d - a wand of digging (11)
 f - a wand of iceblast (8)
 i - a wand of light (7)
 N - a wand of polymorph (1)
Scrolls
 e - a scroll of brand weapon
 h - 6 scrolls of teleportation
 p - 4 scrolls of fog
 r - a scroll of magic mapping
 w - 4 scrolls of immolation
 y - 2 scrolls of poison
 A - 2 scrolls of fear
 K - a scroll of identify
Potions
 b - a potion of resistance
 k - a potion of brilliance
 l - a potion of invisibility
 q - 4 potions of mutation
 t - 3 potions of attraction
 u - 3 potions of cancellation
 B - a potion of ambrosia
 D - 4 potions of lignification
 H - 5 potions of curing
 P - a potion of heal wounds
Miscellaneous
 I - a condenser vane


   Skills:
 * Level 14.3(19.3) Fighting
 * Level 17.8(22.8) Axes
 + Level 1.0(6.0) Throwing
 - Level 5.6(10.6) Armour
 - Level 1.4(6.4) Dodging
 + Level 1.1(6.1) Stealth
 - Level 5.7(10.7) Shields
 + Level 3.1 Invocations


You had 13 spell levels left.
You didn't know any spells.
Your spell library contained the following spells:

 Spells                   Type           Power      Damage    Failure   Level
 Apportation              Tloc           0%         N/A       91%         1
 Kiss of Death            Conj/Necr      0%         2d5       91%         1
 Magic Dart               Conj           0%         1d3       91%         1
 Shock                    Conj/Air       0%         1d3       91%         1
 Ensorcelled Hibernation  Hex/Ice        0%         N/A       97%         2
 Passwall                 Tmut/Erth      0%         N/A       97%         2
 Searing Ray              Conj           0%         2d4       97%         2
 Static Discharge         Conj/Air       0%         2-2/arc   97%         2
 Confusing Touch          Hex            0%         N/A       100%        3
 Frozen Ramparts          Ice            0%         1d1       100%        3
 Swiftness                Air            0%         N/A       100%        3
 Vhi's Electric Charge    Tloc/Air       0%         N/A       100%        3
 Airstrike                Air            0%         2d(0-16)  100%        4
 Dispel Undead            Necr           0%         3d6       100%        4
 Fulminant Prism          Conj/Hex       0%         3d5       100%        4
 Ice Form                 Ice/Tmut       0%         N/A       100%        4
 Petrify                  Tmut/Erth      0%         N/A       100%        4
 Alistair's Intoxication  Tmut/Pois      0%         N/A       100%        5
 Arcjolt                  Conj/Air       0%         1d10      100%        5
 Irradiate                Conj/Tmut      0%         3d11      100%        5
 Maxwell's Capacitive Co  Air            0%         ∞         100%        8
 Sublimation of Blood     Necr           Unusable   N/A       N/A         2
 Summon Ice Beast         Ice/Summ       Unusable   N/A       N/A         4
 Summon Lightning Spire   Summ/Air       Unusable   N/A       N/A         4

Dungeon Overview and Level Annotations

Branches:
Dungeon (13/15)            Temple (0/1) D:7            Lair (5/5) D:8
 Shoals (0/4) Lair:2        Snake (0/4) Lair:2          Orc (0/2) D:10
  Sewer (visited)
  Slime: Lair:4-5    Vaults: D:13-14

Altars:
Ashenzari
Kikubaaqudgha
Makhleb
Nemelex Xobeh
Okawaru
Sif Muna
Zin
The Shining One

Shops:
D:5 (   D:9 =!*:   D:10 !

Annotations:
Lair:5 Rupert


Innate Abilities, Weirdness & Mutations

You are immune to sickness and miasma.
Your stone body is resilient. (AC +10)
You are immune to poison.
Your large and strong wings let you fly.
You resist negative energy. (rN+)
You are resistant to electric shocks. (rElec)
You are resistant to unholy torment.
You are immune to petrification.
You are partially covered in large bone plates. (SH +4)
You are very agile. (Dex +8, Str/Int -2)


Message History

You kill the cane toad!
Okawaru accepts your kill.
Rupert the Wild comes into view.
He is wielding a +2 battleaxe of freezing and wearing a +3 chain mail of positive energy.
You closely miss the basilisk. The basilisk closely misses you.
You hit the basilisk.
The basilisk is lightly wounded.
A skyshark comes into view.
The basilisk bites you but does no damage.
The skyshark moves out of view.
You barely miss the basilisk.
The basilisk is lightly wounded.
The basilisk barely misses you.
You cut the basilisk into ribbons!!!
You kill the basilisk!
Okawaru accepts your kill.
A water moccasin comes into view.
Found a rapier.
You gain the combat prowess of a mighty hero.
Rupert roars madly and goes into a rage!
Rupert goes berserk!
Rupert hits you with a +2 battleaxe of freezing!!
Rupert freezes you.
You slice Rupert like a ripe choko!!!
Rupert is moderately wounded.
You open the water moccasin like a pillowcase!!!
You kill the water moccasin!
Okawaru accepts your kill.
You hear a trumpeting! x4
Rupert hits you but does no damage.
Rupert hits you with a +2 battleaxe of freezing!!
Blink to where?
Press: ? - help, Dir - move target
As you read the scroll of blinking, it crumbles to dust.
You hear a shout!
You hear a shout!
Rupert rages.
Rupert rages.
Rupert attacks as you move away!
Rupert hits you with a +2 battleaxe of freezing!!!
You die...

... ... #.....## #..
##.###......# ###..
#.#.#†.....##
#....##.....<.....#
#....##.........##
##..#...†##.....#
#...##†...#.....#
#....†.#.##.....##
##...###.P#.@....###
#P..........@....#..#
#....................
#....†...............
##...................
##..#.#.####l........
#...##†### #.......#
#....##†.# #.....#.##
#........# #........#


You could see Rupert (berserk) and a skyshark.

Vanquished Creatures
  Nessos (D:12)
  Josephine (D:12)
  A hydra (Lair:5)
  Erolcha (D:12)
  4 two-headed ogres
  2 boulder beetles
  3 death yaks (D:8)
  A skyshark (Lair:4)
  3 harpies (Lair:2)
  2 deep elf pyromancers
  An ugly thing (D:11)
  2 cyclopes
  A manticore (D:11)
  8 centaur zombies (D:10)
  3 elephants (Lair:5)
  A torpor snail (Lair:4)
  5 black mambas
  A gargoyle (D:12)
  12 cane toads
  2 unseen horrors (D:11)
  2 rime drakes
  2 unseen horror zombies (D:10)
  2 kobold demonologists (D:10)
  9 komodo dragons
  Maggie (D:6)
  A polar bear (Lair:4)
  3 trolls
  Grinder (D:4)
  3 blink frogs (Lair:2)
  7 dream sheep
  Sigmund (D:3)
  3 wyverns
  7 shadows
  26 yaks
  3 basilisks
  8 wraiths
  3 vampires (D:10)
  A steam dragon (D:10)
  4 nagas (Lair:2)
  13 water moccasins
  5 acid dragons
  4 ice beasts
  6 orc warriors
  A black bear (D:6)
  2 sky beasts
  3 ogres
  5 wolves (Lair:3)
  4 centaurs
  A phantom (D:5)
  3 kobold brigands
  13 bullfrogs
  A gnoll sergeant (D:10)
  2 scorpions (D:4)
  6 killer bees (D:9)
  6 electric eels
  7 howler monkeys
  12 orc priests
  2 jellies
  A hound (D:4)
  2 iguanas
  Terence (D:3)
  11 orc wizards
  Ijyb (D:5)
  7 hell rats (Lair:4)
  A howler monkey zombie (D:10)
  5 gnolls (D:10)
  5 adders
  3 river rats (D:3)
  A shadow imp (D:4)
  A white imp (D:7)
  An ufetubus (D:5)
  4 worms
  2 dart slugs
  42 orcs
  5 endoplasms
  3 giant cockroaches
  7 goblins
  A hobgoblin (D:1)
  18 jackals
  9 kobolds
  2 quokkas
  6 ball pythons
  10 bats
  2 frilled lizards
  8 rats
397 creatures vanquished.

Vanquished Creatures (others)
  A water elemental (D:11)
1 creature vanquished.

Grand Total: 398 creatures vanquished

Notes
Turn   | Place    | Note
-------+----------+-------------------------------------------
     0 | D:1      | AlmostDecent the Gargoyle Fighter began the quest for the
                  | Orb.
     0 | D:1      | Reached XP level 1. HP: 14/14 MP: 1/1
   160 | D:1      | Reached XP level 2. HP: 18/19 MP: 2/2
   647 | D:1      | Reached skill level 2 in Axes
   654 | D:1      | Reached XP level 3. HP: 24/24 MP: 3/3
   851 | D:2      | Found a faded altar of an unknown god.
  1512 | D:3      | Reached XP level 4. HP: 24/29 MP: 4/4
  1673 | D:3      | Noticed Terence
  1676 | D:3      | Noticed Sigmund
  1679 | D:3      | Killed Terence
  1682 | D:3      | Gained mutation: You are agile. (Dex +4, Str/Int -1)
                  | [potion of mutation]
  1682 | D:3      | Gained mutation: You are very agile. (Dex +8, Str/Int -2)
                  | [potion of mutation]
  1682 | D:3      | Gained mutation: You are partially covered in large bone
                  | plates. (SH +4) [potion of mutation]
  1692 | D:3      | Killed Sigmund
  1693 | D:3      | Reached skill level 3 in Axes
  1693 | D:3      | Reached XP level 5. HP: 24/34 MP: 5/5
  1693 | D:3      | Reached XP level 6. HP: 28/39 MP: 6/6
  1696 | D:3      | Found an iron altar of Okawaru.
  1704 | D:3      | Became a worshipper of Warmaster Okawaru
  1801 | D:3      | Reached skill level 4 in Axes
  1961 | D:3      | Found a glowing drain.
  1978 | Sewer    | Entered a sewer
  2040 | Sewer    | Noticed a water moccasin
  2080 | Sewer    | Killed a water moccasin
  2081 | Sewer    | Reached skill level 1 in Dodging
  2081 | Sewer    | Reached XP level 7. HP: 37/44 MP: 7/7
  2159 | D:3      | Reached skill level 5 in Fighting
  2713 | D:4      | Noticed Grinder
  2720 | D:4      | Paralysed by Grinder for 3 turns
  2732 | D:4      | Paralysed by Grinder for 3 turns
  2735 | D:4      | Killed Grinder
  2735 | D:4      | Reached * piety under Okawaru
  2736 | D:4      | Reached skill level 5 in Axes
  2736 | D:4      | Reached skill level 5 in Shields
  2919 | D:4      | Reached skill level 5 in Armour
  2919 | D:4      | Reached XP level 8. HP: 49/49 MP: 8/8
  3367 | D:4      | Reached skill level 6 in Axes
  3453 | D:5      | Entered Level 5 of the Dungeon
  3469 | D:5      | Noticed Ijyb
  3513 | D:5      | Killed Ijyb
  3528 | D:5      | HP: 3/75 [orc priest/divine providence (10)]
  3984 | D:5      | Found Maischek's Firing Range.
  3999 | D:5      | Reached ** piety under Okawaru
  4010 | D:5      | Reached skill level 7 in Axes
  4543 | D:6      | Reached XP level 9. HP: 44/55 MP: 9/9
  4882 | D:6      | Found a broken altar of Ashenzari.
  4883 | D:6      | Noticed Maggie
  4894 | D:6      | Killed Maggie
  4895 | D:6      | Reached skill level 8 in Axes
  4979 | D:6      | Identified the +6 whip of Uroneiq {heavy, rElec Dex+2}
  5368 | D:7      | Found a staircase to the Ecumenical Temple.
  5595 | D:7      | Found a glowing golden altar of the Shining One.
  5611 | D:7      | Found a burning altar of Makhleb.
  5750 | D:7      | Reached skill level 9 in Axes
  6028 | D:8      | Reached *** piety under Okawaru
  6171 | D:8      | Noticed a death yak
  6578 | D:8      | Found a sparkling altar of Nemelex Xobeh.
  6623 | D:8      | Found a staircase to the Lair.
  6625 | D:8      | Noticed a death yak
  6626 | D:8      | Noticed a death yak
  6638 | D:9      | Found Mysta's Assorted Antiques.
  6646 | D:9      | Bought a scroll labelled QIJAIH SEFOSM for 23 gold pieces
  6691 | D:9      | Found a shimmering blue altar of Sif Muna.
  6839 | D:9      | Reached skill level 10 in Axes
  6839 | D:9      | Reached XP level 10. HP: 63/63 MP: 10/10
  6857 | D:9      | Noticed a cyclops
  6867 | D:9      | Killed a cyclops
  6903 | D:9      | Noticed a deep elf pyromancer
  6908 | D:9      | Killed a deep elf pyromancer
  7128 | D:9      | Noticed a two-headed ogre
  7137 | D:9      | Killed a two-headed ogre
  7137 | D:9      | Reached **** piety under Okawaru
  7138 | D:9      | Reached skill level 11 in Axes
  7201 | D:9      | Reached skill level 1 in Invocations
  7289 | D:9      | Found Bunwikh's Jewellery Emporium.
  7501 | D:9      | Found Wafif's Distillery.
  7598 | D:9      | Found Ablitheb's Book Boutique.
  7646 | D:9      | Found an ancient bone altar of Kikubaaqudgha.
  7774 | D:10     | Entered Level 10 of the Dungeon
  7774 | D:10     | Noticed a two-headed ogre
  7782 | D:10     | Killed a two-headed ogre
  7856 | D:10     | Reached XP level 11. HP: 65/71 MP: 9/12
  7860 | D:10     | Reached skill level 12 in Axes
  7892 | D:10     | Reached skill level 1 in Stealth
  8116 | D:10     | Reached ***** piety under Okawaru
  8205 | D:10     | Reached skill level 10 in Fighting
  8205 | D:10     | Reached skill level 13 in Axes
  8301 | D:10     | Noticed a deep elf pyromancer
  8323 | D:10     | Killed a deep elf pyromancer
  8461 | D:10     | Found Puhukk's Distillery.
  8468 | D:10     | Bought a potion of might for 48 gold pieces
  8468 | D:10     | Bought a potion of might for 48 gold pieces
  8678 | D:10     | Found a staircase to the Orcish Mines.
  8884 | D:10     | Found a glowing silver altar of Zin.
  8915 | D:10     | Reached XP level 12. HP: 79/79 MP: 13/13
  9295 | D:10     | Identified the +3 flail "Arezesh" {heavy, Int+4}
  9513 | D:11     | Reached skill level 14 in Axes
 11005 | D:12     | Noticed a two-headed ogre
 11016 | D:12     | Killed a two-headed ogre
 11019 | D:12     | Noticed a boulder beetle
 11169 | D:12     | Killed a boulder beetle
 11219 | D:12     | Noticed Nessos
 11234 | D:12     | Killed Nessos
 11444 | D:12     | Noticed Josephine
 11456 | D:12     | Killed Josephine
 11457 | D:12     | Reached skill level 15 in Axes
 11619 | D:12     | Noticed a two-headed ogre
 11649 | D:12     | Killed a two-headed ogre
 11649 | D:12     | Received a gift from Okawaru
 11752 | D:12     | Noticed Erolcha
 11763 | D:12     | Killed Erolcha
 11764 | D:12     | Reached skill level 1 in Throwing
 12064 | D:8      | Killed a death yak
 12088 | D:8      | Killed a death yak
 12089 | D:8      | Reached XP level 13. HP: 24/86 MP: 7/15
 12392 | Lair:1   | Entered Level 1 of the Lair of Beasts
 12440 | Lair:1   | Reached skill level 16 in Axes
 12591 | Lair:1   | Received a gift from Okawaru
 12761 | Lair:1   | Received a gift from Okawaru
 13296 | Lair:2   | Found a staircase to the Snake Pit.
 13690 | Lair:2   | Found a staircase to the Shoals.
 15163 | Lair:4   | Reached skill level 17 in Axes
 15237 | Lair:4   | Identified the +2 helmet "Piseddex" {rElec rC+ Str+5 Dex-2}
                  | (Okawaru gifted it to you on level 4 of the Lair of Beasts)
 15237 | Lair:4   | Received a gift from Okawaru
 15378 | Lair:4   | Identified the ring of the Republic {rN+ AC+4 Str-5 Int+3
                  | Stlth+}
 15548 | Lair:4   | Gained mutation: Your large and strong wings let you fly.
                  | [Gargoyle growth]
 15548 | Lair:4   | Reached XP level 14. HP: 89/95 MP: 16/16
 16223 | Lair:5   | Entered Level 5 of the Lair of Beasts
 16511 | Lair:5   | Noticed Rupert
 16532 | Lair:5   | Slain by Rupert

Illustrated notes

Levels and vault maps discovered:
D:1:      minmay_arrival_four_circles, layout_basic, grunt_decor_arrowhead,
          minmay_misc_feat_encased
D:2:      layout_basic, basic_ecumenical_altar
D:3:      layout_basic, okawaru_ov_weapons_minmay, portal_sewer_entry_b,
          chequers_jeans, uniq_terence, uniq_sigmund
D:4:      layout_loops_ring, minmay_misc_feat_nine_boxes, kennysheep_donut,
          uniq_grinder
D:5:      layout_basic, nicolae_shop_firing_range, uniq_ijyb
D:6:      layout_cave_pools, mainiacjoe_overflow_24_doors, uniq_maggie
D:7:      layout_basic, mainiacjoe_overflow_big_doors, temple_fountains
D:8:      layout_cave_pods, lemuel_doored_altar, dpeg_lair_monsters
D:9:      layout_roguey, mainiacjoe_overflow_surrounded_room,
          nicolae_overflow_crystal_walls, serial_shops,
          nicolae_shop_overgrown_old_shop, kennysheep_mini,
          nicolae_shop_tiny_waterfront, shop, wad_mini_maze
D:10:     minmay_inner_zag, layout_cave_pods,
          mainiacjoe_overflow_small_starburst, serial_undead, serial_undead_a,
          serial_undead_d, serial_undead_e, serial_undead_a, serial_undead_f,
          kb_lookout_dungeons_type, minmay_shop_grid_forest,
          grunt_ministairs_13, st_stairs_11, nrook_pool_corridor
D:11:     layout_basic, serial_curves, eino_curves_02, eino_curves_04,
          eino_curves_01, chequers_serial_rivers_large_b
D:12:     layout_rooms, grunt_decor_clamped, uniq_josephine, uniq_nessos,
          uniq_erolcha
D:13:     layout_basic, david_vaults_4, nicolae_vehumet_altar_sigil
Lair:1:   layout_gridlike, grunt_megastairs_2
Lair:2:   layout_roguey, nicolae_shoals_entry_roost, guppyfry_snake_entry_garden
Lair:3:   layout_cave_pods
Lair:4:   layout_small_grid
Lair:5:   hangedman_lair_caniforms_friends, layout_regular_city,
          guppyfry_lair_end_dragon, nicolae_slime_entry_field_trip,
          minmay_lair_drake_nest, infiniplex_staircase_pool, uniq_rupert

Skill      XL: |  1  2  3  4  5  6  7  8  9 10 11 12 13 14 |
---------------+-------------------------------------------+-----
Axes           | 2 3 4 5 7 10 11 13 15 17 | 17.8
Fighting       | 4 5 7 9 10 12 13 14 | 14.3
Armour         | 4 5 |  5.6
Shields        | 4 5 |  5.7
Dodging        | 1 |  1.4
Invocations    | 1 2 3 |  3.1
Stealth        | 1 |  1.1
Throwing       | 1 |  1.0

Action                     |  1- 3 |  4- 6 |  7- 9 | 10-12 | 13-15 || total
---------------------------+-------+-------+-------+-------+-------++-------
  Melee: War axe           |   104 |    84 |   405 |   468 |    16 ||  1077
         Broad axe         |       |       |       |    21 |   271 ||   292
  Throw: Boomerang         |       |       |       |     9 |       ||     9
 Invoke: Heroism           |       |       |     6 |    23 |     5 ||    34
         Finesse           |       |       |       |     2 |       ||     2
    Use: Potion            |     1 |     4 |     5 |    11 |       ||    21
         Scroll            |       |       |    14 |     7 |     6 ||    27
 Armour: Scale mail        |    60 |       |       |       |       ||    60
         Chain mail        |    12 |    60 |   214 |   395 |   154 ||   835
         Skin              |       |       |       |     4 |       ||     4
  Dodge: Dodged            |    48 |    24 |    80 |   174 |    92 ||   418
  Block: Buckler           |    32 |    56 |   195 |   282 |   168 ||   733
